 Dungeon Crawl Stone Soup version 0.23.2 (webtiles) character file.

Game seed: 17901804878497763301

11 Forgol the Ruffian (level 2, 0/24 HPs)
             Began as a Ghoul Gladiator on Apr 5, 2019.
             Slain by a bat (1 damage)
             ... on level 1 of the Dungeon.
             The game lasted 00:01:04 (176 turns).

Forgol the Ruffian (Ghoul Gladiator)                 Turns: 176, Time: 00:01:04

Health: 0/24       AC:  4    Str: 17    XL:     2   Next: 25%
Magic:  1/1        EV: 12    Int:  3    God:
Gold:   9          SH:  0    Dex: 10    Spells: 1/1 levels left

rFire    . . .     SeeInvis .     - Unarmed
rCold    + . .     Gourm    .   (no shield)
rNeg     + + +     Faith    .   a - +0 leather armour
rPois    ∞         Spirit   .   b - +0 helmet
rElec    .         Reflect  .   (no cloak)
rCorr    .         Harm     .   (no gloves)
MR       .....                  (no boots)
Stlth    +.........             (no amulet)
HPRegen  0.00/turn              (no ring)
MPRegen  0.07/turn              (no ring)

@: rotting
A: rotting body, claws 1, carnivore, cold resistance 1, negative energy
resistance 3, inhibited regeneration, torment resistance, unbreathing
a: no special abilities


You were on level 1 of the Dungeon.
You were not hungry.

You visited 1 branch of the dungeon, and saw 1 of its levels.

You collected 9 gold pieces.

Inventory:

Missiles
 c - 3 throwing nets (quivered)
Armour
 a - a +0 leather armour (worn)
 b - a +0 helmet (worn)
Scrolls
 e - a scroll of fear {unknown}
 g - a scroll of immolation {unknown}
Comestibles
 d - a ration
 f - 7 chunks of flesh


   Skills:
 - Level 2.1 Fighting
 - Level 1.7 Throwing
 - Level 2.6 Dodging
 + Level 4.0 Unarmed Combat


You had one spell level left.
You didn't know any spells.
Your spell library was empty.

Dungeon Overview and Level Annotations

Branches:
Dungeon (1/15)

Altars:


Innate Abilities, Weirdness & Mutations

Your body is rotting away.
You thrive on raw meat.
You are immune to poison.
You have sharp fingernails.
You are carnivorous and can eat meat at any time.
Your flesh is cold resistant. (rC+)
You are immune to negative energy. (rN+++)
You do not regenerate when monsters are visible.
You are immune to unholy pain and torment.
You can survive without breathing.


Message History

The frilled lizard bites you but does no damage.
The bat hits you but does no damage.
The frilled lizard bites you but does no damage.
The bat hits you but does no damage.
The frilled lizard bites you but does no damage.
The bat hits you but does no damage.
The frilled lizard bites you but does no damage.
The bat closely misses you.
The frilled lizard bites you but does no damage.
The bat hits you but does no damage. The frilled lizard barely misses you.
The bat hits you but does no damage.
The frilled lizard bites you but does no damage.
The bat closely misses you. The frilled lizard closely misses you.
The bat closely misses you. The frilled lizard barely misses you.
The bat barely misses you.
The frilled lizard bites you but does no damage.
The bat hits you but does no damage. The frilled lizard misses you.
The bat barely misses you. The frilled lizard misses you. The bat hits you.
You die...

#.#..#....# #.........
#.##...#####♣♣♣♣♣♣♣.##
#)##...# #.#........#
#.##.#.###.#..#''#..#
#.#........####..####
#.####.#####♣S♣<.♣Y♣
..#...##.# ♣♣♣..♣♣♣
.......#.# ####
......l@b# .........#
...........
.......###.# ..#...#
.# # #.#. # #[#. # ..


You could see a bat and a frilled lizard.

Vanquished Creatures
  A leopard gecko (D:1)
  A bat (D:1)
  2 giant cockroaches (D:1)
  A goblin (D:1)
  A hobgoblin (D:1)
  A ball python (D:1)
  A frilled lizard (D:1)
  A kobold (D:1)
9 creatures vanquished.

Notes
Turn   | Place    | Note
-------+----------+-------------------------------------------
     0 | D:1      | Forgol the Ghoul Gladiator began the quest for the Orb.
     0 | D:1      | Reached XP level 1. HP: 17/17 MP: 0/0
     3 | D:1      | Noticed an anaconda
     6 | D:1      | Noticed a death yak
    42 | D:1      | Reached XP level 2. HP: 19/24 MP: 1/1
    45 | D:1      | Reached skill level 4 in Unarmed Combat
   159 | D:1      | HP: 1/24 [bat (1)]
   176 | D:1      | Slain by a bat

Skill      XL: |  1  2 |
---------------+-------+-----
Unarmed Combat | 4 |  4.0
Fighting       | |  2.1
Throwing       | |  1.7
Dodging        | |  2.6

Action                   || total
-------------------------++-------
Melee: Unarmed           ||    17
       Punch             ||     1
Armor: Leather armour    ||    68
Dodge: Dodged            ||   100
